[Event "FICS rated blitz game"]
[Site "FICS freechess.org"]
[FICSGamesDBGameNo "20002762"]
[White "ApaKabar"]
[Black "EdWong"]
[WhiteElo "1213"]
[BlackElo "1196"]
[WhiteRD "na"]
[BlackRD "na"]
[TimeControl "180+15"]
[Date "1999.10.17"]
[Time "22:15:00"]
[WhiteClock "0:03:00.000"]
[BlackClock "0:03:00.000"]
[ECO "E61"]
[PlyCount "87"]
[Result "1-0"]

1. d4 Nf6 2. c4 g6 3. Nc3 Bg7 4. Bg5 O-O 5. Bxf6 Bxf6 6. Nf3 d6 7. e3 c5 8. h3 Nd7 9. Bd3 b6 10. O-O Bb7 11. a3 Rc8 12. b4 Re8 13. b5 e6 14. Re1 d5 15. Qb3 cxd4 16. Nxd4 Nc5 17. Qc2 Nxd3 18. Qxd3 dxc4 19. Qd2 Qc7 20. a4 Red8 21. Nce2 Qc5 22. Rec1 Qd5 23. Nf4 Qc5 24. a5 e5 25. Nd3 exd4 26. Nxc5 bxc5 27. Rxc4 dxe3 28. Qxe3 Bxa1 29. Rxc5 Bd4 30. Rxc8 Bxc8 31. Qe7 Rf8 32. Qd6 Bf6 33. Qxf6 Re8 34. Qc6 Kf8 35. a6 Bf5 36. Qb7 Re7 37. Qb8+ Re8 38. Qxa7 Re7 39. Qb8+ Re8 40. Qd6+ Kg7 41. b6 Re6 42. Qd4+ Kg8 43. b7 Re8 44. a7 {Black resigns} 1-0

[Event "FICS rated lightning game"]
[Site "FICS freechess.org"]
[FICSGamesDBGameNo "20002761"]
[White "Gilun"]
[Black "tooti"]
[WhiteElo "1727"]
[BlackElo "1614"]
[WhiteRD "na"]
[BlackRD "na"]
[TimeControl "60+0"]
[Date "1999.10.17"]
[Time "21:19:00"]
[WhiteClock "0:01:00.000"]
[BlackClock "0:01:00.000"]
[ECO "B21"]
[PlyCount "64"]
[Result "0-1"]

1. e4 c5 2. f4 d6 3. Nf3 Nc6 4. Bc4 g6 5. O-O Bg7 6. Nc3 e6 7. f5 exf5 8. exf5 Bxf5 9. d3 Nge7 10. Bxf7+ Kxf7 11. Ng5+ Kg8 12. g4 Bd7 13. Qf3 Qf8 14. Nf7 Be8 15. Nd5 Bxf7 16. Qxf7+ Qxf7 17. Rxf7 Kxf7 18. Nc7 Rac8 19. Nb5 Rhd8 20. Bf4 Be5 21. Rf1 Bxf4 22. Rxf4+ Kg7 23. Nc3 Rf8 24. Re4 Rf7 25. h4 Rcf8 26. h5 Rf1+ 27. Kg2 R8f2+ 28. Kg3 gxh5 29. gxh5 Nf5+ 30. Kg4 Rg1+ 31. Kh3 Rg5 32. h6+ Kxh6 {White forfeits on time} 0-1

[Event "FICS rated blitz game"]
[Site "FICS freechess.org"]
[FICSGamesDBGameNo "20002760"]
[White "cksung"]
[Black "zoso"]
[WhiteElo "1410"]
[BlackElo "1526"]
[WhiteRD "na"]
[BlackRD "na"]
[TimeControl "300+5"]
[Date "1999.10.17"]
[Time "21:17:00"]
[WhiteClock "0:05:00.000"]
[BlackClock "0:05:00.000"]
[ECO "B07"]
[PlyCount "49"]
[Result "1-0"]

1. e4 d6 2. d4 Nf6 3. Nc3 g6 4. Bg5 Bg7 5. Nf3 O-O 6. h3 c6 7. Bc4 b5 8. Bb3 b4 9. e5 bxc3 10. exf6 exf6 11. Bc1 Qa5 12. bxc3 Qxc3+ 13. Bd2 Qxa1 14. Qxa1 Re8+ 15. Be3 Ba6 16. c4 d5 17. Qc3 Bb7 18. O-O Re7 19. Qb4 Bf8 20. Qd2 Nd7 21. Bh6 Bg7 22. Bxg7 Kxg7 23. Re1 Rae8 24. Rxe7 Rxe7 25. Qb4 {Black resigns} 1-0

[Event "FICS rated blitz game"]
[Site "FICS freechess.org"]
[FICSGamesDBGameNo "20002759"]
[White "Watlers"]
[Black "saraajogadora"]
[WhiteElo "1568"]
[BlackElo "1372"]
[WhiteRD "na"]
[BlackRD "na"]
[TimeControl "120+12"]
[Date "1999.10.17"]
[Time "18:47:00"]
[WhiteClock "0:02:00.000"]
[BlackClock "0:02:00.000"]
[ECO "C00"]
[PlyCount "51"]
[Result "1-0"]

1. e4 e6 2. d3 d5 3. Nd2 dxe4 4. dxe4 Nf6 5. g3 Nc6 6. Bg2 Bb4 7. Ne2 O-O 8. O-O Bc5 9. Nb3 Bb6 10. c3 Ne5 11. Qc2 Bd7 12. a4 a6 13. h3 Bc6 14. Ned4 Nh5 15. Nxc6 bxc6 16. Kh2 Qf6 17. f4 Nxg3 18. Kxg3 Qg6+ 19. Kh2 Nd7 20. Rf3 Qf6 21. e5 Nxe5 22. fxe5 Qxe5+ 23. Bf4 Qd5 24. Rg3 h6 25. Bxd5 cxd5 26. Bxh6 {Black resigns} 1-0

[Event "FICS rated blitz game"]
[Site "FICS freechess.org"]
[FICSGamesDBGameNo "20002758"]
[White "VIA"]
[Black "Ladya"]
[WhiteElo "1173"]
[BlackElo "1380"]
[WhiteRD "na"]
[BlackRD "na"]
[TimeControl "120+5"]
[Date "1999.10.17"]
[Time "18:43:00"]
[WhiteClock "0:02:00.000"]
[BlackClock "0:02:00.000"]
[ECO "D35"]
[PlyCount "51"]
[Result "1-0"]

1. d4 Nf6 2. e3 d5 3. c4 e6 4. Nc3 c5 5. cxd5 Nxd5 6. Nxd5 Qxd5 7. Nf3 Nc6 8. Be2 Be7 9. b3 Bf6 10. Bb2 O-O 11. Rc1 cxd4 12. O-O dxe3 13. Qxd5 exf2+ 14. Rxf2 exd5 15. Bxf6 gxf6 16. Nh4 Kh8 17. Rxf6 Be6 18. Rc3 Nd4 19. Bd3 Rg8 20. Rh6 Rg7 21. Rc7 Rag8 22. g3 a6 23. Rxb7 Nf5 24. Nxf5 Bxf5 25. Bxf5 Rg5 26. Rxh7# {Black checkmated} 1-0

[Event "FICS rated blitz game"]
[Site "FICS freechess.org"]
[FICSGamesDBGameNo "20002757"]
[White "jock"]
[Black "vessoj"]
[WhiteElo "1883"]
[BlackElo "1833"]
[WhiteRD "na"]
[BlackRD "na"]
[TimeControl "180+0"]
[Date "1999.10.17"]
[Time "18:09:00"]
[WhiteClock "0:03:00.000"]
[BlackClock "0:03:00.000"]
[ECO "A83"]
[PlyCount "93"]
[Result "1-0"]

1. d4 f5 2. e4 fxe4 3. Nc3 e6 4. Nxe4 Nf6 5. Bg5 Be7 6. Ng3 O-O 7. h4 h6 8. Bd3 Nh7 9. Qh5 Qe8 10. Bg6 Qd8 11. Nf3 Nxg5 12. hxg5 Bxg5 13. Ne4 Bf6 14. O-O-O d5 15. Nc3 Nc6 16. Ne5 Bg5+ 17. Kb1 Qf6 18. Nxc6 bxc6 19. f3 e5 20. dxe5 Qxe5 21. Rhe1 Qf6 22. Re2 Bf5 23. Bxf5 Qxf5 24. Rde1 Qf7 25. Qg4 Rae8 26. g3 Rxe2 27. Rxe2 Re8 28. f4 Bf6 29. Rxe8+ Qxe8 30. Nd1 Qe1 31. Qc8+ Kh7 32. Qf5+ Kg8 33. Qc8+ Kh7 34. Qf5+ Kg8 35. Qd3 Qb4 36. c3 Qb5 37. Qe3 Kf7 38. Qxa7 Qd3+ 39. Kc1 Qf1 40. Qxc7+ Kg6 41. Qxc6 Qh1 42. Qe6 Qe4 43. f5+ Kh7 44. Qxe4 dxe4 45. Kd2 Bg5+ 46. Ke2 h5 47. Ne3 {Black forfeits on time} 1-0

[Event "FICS rated blitz game"]
[Site "FICS freechess.org"]
[FICSGamesDBGameNo "20002756"]
[White "janyhof"]
[Black "Jay"]
[WhiteElo "1511"]
[BlackElo "1930"]
[WhiteRD "na"]
[BlackRD "na"]
[TimeControl "180+0"]
[Date "1999.10.17"]
[Time "17:27:00"]
[WhiteClock "0:03:00.000"]
[BlackClock "0:03:00.000"]
[ECO "C00"]
[PlyCount "42"]
[Result "0-1"]

1. e4 e6 2. f4 d5 3. exd5 exd5 4. Nf3 Bg4 5. Be2 Bd6 6. d3 Nd7 7. O-O Ngf6 8. h3 Bxf3 9. Bxf3 O-O 10. Nc3 c6 11. Be3 Qc7 12. Qd2 Rae8 13. Bf2 Bxf4 14. Qxf4 Qxf4 15. Bxa7 Qc7 16. Bf2 Re7 17. Na4 Rfe8 18. Nc5 Nxc5 19. Bxc5 Re6 20. Bg4 Nxg4 21. hxg4 Re2 {White resigns} 0-1

[Event "FICS rated blitz game"]
[Site "FICS freechess.org"]
[FICSGamesDBGameNo "20002753"]
[White "CHINOISM"]
[Black "JohnWr"]
[WhiteElo "1049"]
[BlackElo "1521"]
[WhiteRD "na"]
[BlackRD "na"]
[TimeControl "240+12"]
[Date "1999.10.17"]
[Time "16:23:00"]
[WhiteClock "0:04:00.000"]
[BlackClock "0:04:00.000"]
[ECO "C41"]
[PlyCount "142"]
[Result "0-1"]

1. e4 e5 2. Nf3 d6 3. d4 f5 4. Nc3 fxe4 5. Nxe4 d5 6. Bg5 Be7 7. Bxe7 Qxe7 8. Ng3 e4 9. Ne5 Nf6 10. b3 c6 11. c4 Nbd7 12. Ng4 O-O 13. Be2 Nxg4 14. Bxg4 Nf6 15. Be2 e3 16. f3 Bd7 17. O-O Kh8 18. Re1 Rae8 19. Bd3 Qf7 20. Bf5 Bxf5 21. Nxf5 dxc4 22. Nd6 Qe6 23. Nxe8 Rxe8 24. bxc4 Qxc4 25. a4 Nd5 26. g3 c5 27. Rc1 Qxd4 28. Qxd4 cxd4 29. Rcd1 Nb4 30. Rxd4 Nc2 31. Rxe3 Rf8 32. Red3 Nxd4 33. Rxd4 Kg8 34. Rd7 Rf7 35. Rd8+ Rf8 36. Rd7 Rb8 37. f4 a6 38. Kg2 b5 39. f5 b4 40. g4 b3 41. Rd1 Rb4 42. Rb1 Rxg4+ 43. Kf3 Rxa4 44. Rxb3 a5 45. Rb8+ Kf7 46. Rb7+ Kf6 47. Rb5 Ra2 48. h4 h5 49. Ke4 Ra4+ 50. Kf3 Ra1 51. Kf4 a4 52. Rb6+ Kf7 53. Rb7+ Kg8 54. Kg5 a3 55. f6 Rg1+ 56. Kf5 Rf1+ 57. Ke6 Rxf6+ 58. Ke5 Ra6 59. Rb1 a2 60. Ra1 Kh7 61. Kf5 Kh6 62. Ke4 Ra4+ 63. Kd5 Kg6 64. Kc5 Kf5 65. Kb5 Ra8 66. Kb4 Kg4 67. Kb3 Kxh4 68. Rh1+ Kg5 69. Kb2 a1=Q+ 70. Rxa1 Rxa1 71. Kxa1 Kf4 {White resigns} 0-1

[Event "FICS rated blitz game"]
[Site "FICS freechess.org"]
[FICSGamesDBGameNo "20002752"]
[White "Ganesa"]
[Black "hpoli"]
[WhiteElo "1575"]
[BlackElo "1489"]
[WhiteRD "na"]
[BlackRD "na"]
[TimeControl "120+12"]
[Date "1999.10.17"]
[Time "15:07:00"]
[WhiteClock "0:02:00.000"]
[BlackClock "0:02:00.000"]
[ECO "E81"]
[PlyCount "69"]
[Result "1-0"]

1. d4 Nf6 2. c4 g6 3. Nc3 Bg7 4. e4 d6 5. f3 O-O 6. Be3 Nbd7 7. Nge2 c5 8. d5 a6 9. Nc1 Rb8 10. Qd2 Qa5 11. Rb1 b5 12. cxb5 axb5 13. Nb3 Qc7 14. Bxb5 Nb6 15. O-O Nfd7 16. Be2 Ne5 17. Kh1 Nec4 18. Bxc4 Nxc4 19. Qf2 Nxe3 20. Qxe3 Ba6 21. Rfd1 Bc4 22. Nc1 Rb7 23. b3 Rfb8 24. Na4 Bb5 25. Nb2 Bd7 26. Nc4 Bb5 27. Nb2 Bd4 28. Qd2 Ba6 29. Ne2 Bg7 30. Nc1 c4 31. Na4 cxb3 32. Rxb3 Rxb3 33. Nxb3 Qc4 34. Nb2 Bxb2 35. Qxb2 {Black forfeits on time} 1-0

[Event "FICS rated blitz game"]
[Site "FICS freechess.org"]
[FICSGamesDBGameNo "20002751"]
[White "Cockoo"]
[Black "Harrier"]
[WhiteElo "1206"]
[BlackElo "1337"]
[WhiteRD "na"]
[BlackRD "na"]
[TimeControl "120+12"]
[Date "1999.10.17"]
[Time "15:02:00"]
[WhiteClock "0:02:00.000"]
[BlackClock "0:02:00.000"]
[ECO "C20"]
[PlyCount "86"]
[Result "0-1"]

1. e4 e5 2. c3 Nc6 3. Bc4 Bc5 4. Qb3 Qf6 5. Nf3 Nge7 6. O-O h6 7. d4 exd4 8. cxd4 Bb6 9. e5 Na5 10. Qxb6 Qxb6 11. Bd3 d6 12. b3 O-O 13. Be3 Qc6 14. Nc3 Qxc3 15. Rac1 Qxd3 16. Rxc7 Nd5 17. exd6 Nxc7 18. dxc7 Qc2 19. Rc1 Qxa2 20. Ne5 Re8 21. Nd3 Qxb3 22. Nc5 Qd5 23. Ra1 Nc4 24. Re1 Nxe3 25. fxe3 b6 26. Nd3 Qe4 27. Nf2 Re7 28. Nxe4 Rxe4 29. d5 a6 30. d6 Kf8 31. Rd1 Ke8 32. Kf2 Kd7 33. Kf3 Re6 34. e4 Rxd6 35. Re1 Kxc7 36. e5 Rd3+ 37. Ke4 Rd2 38. Rc1+ Kb7 39. Kf3 Be6 40. h4 Rc8 41. Re1 Rc3+ 42. Kf4 Rxg2 43. Ke4 Rg4# {White checkmated} 0-1

[Event "FICS rated blitz game"]
[Site "FICS freechess.org"]
[FICSGamesDBGameNo "20002750"]
[White "Kinard"]
[Black "PIRSQ"]
[WhiteElo "1775"]
[BlackElo "1736"]
[WhiteRD "na"]
[BlackRD "na"]
[TimeControl "300+0"]
[Date "1999.10.17"]
[Time "14:13:00"]
[WhiteClock "0:05:00.000"]
[BlackClock "0:05:00.000"]
[ECO "C11"]
[PlyCount "116"]
[Result "1-0"]

1. e4 e6 2. d4 d5 3. Nc3 Nf6 4. e5 Nfd7 5. f4 c5 6. Nf3 Nc6 7. Be3 cxd4 8. Nxd4 Nxd4 9. Bxd4 Bc5 10. Bxc5 Nxc5 11. Qd4 Qb6 12. Nb5 O-O 13. Nd6 Bd7 14. b3 Bc6 15. Be2 Nd7 16. O-O-O Qxd4 17. Rxd4 Nb6 18. g4 Nc8 19. Nxc8 Raxc8 20. Re1 a6 21. f5 exf5 22. gxf5 Rfe8 23. Bf3 Rcd8 24. e6 fxe6 25. fxe6 Re7 26. Re5 Rd6 27. Bg4 Bd7 28. Rexd5 Rxd5 29. Rxd5 Bxe6 30. Re5 Kf7 31. Bf3 Bc8 32. Rxe7+ Kxe7 33. Kd2 Kf6 34. Ke3 Ke5 35. c4 g5 36. a4 a5 37. c5 g4 38. Bg2 h5 39. Kd3 h4 40. Ke3 Kf5 41. Be4+ Ke5 42. Bg2 Kf5 43. Be4+ Ke5 44. Bg2 Kf5 45. Be4+ Kg5 46. Bg2 Kf5 47. Be4+ Ke5 48. Bg2 h3 49. Bh1 Be6 50. Bxb7 Bd5 51. c6 g3 52. hxg3 h2 53. Bc8 h1=Q 54. c7 Qf3+ 55. Kd2 Kd4 56. Ba6 Qf2+ 57. Be2 Bf3 58. c8=Q Qxe2+ {Black forfeits on time} 1-0

[Event "FICS rated blitz game"]
[Site "FICS freechess.org"]
[FICSGamesDBGameNo "20002749"]
[White "myldone"]
[Black "umbyk"]
[WhiteElo "1423"]
[BlackElo "1634"]
[WhiteRD "na"]
[BlackRD "na"]
[TimeControl "300+0"]
[Date "1999.10.17"]
[Time "12:37:00"]
[WhiteClock "0:05:00.000"]
[BlackClock "0:05:00.000"]
[ECO "C00"]
[PlyCount "48"]
[Result "0-1"]

1. e4 e6 2. d3 d5 3. Nd2 Nf6 4. g3 Be7 5. Bg2 O-O 6. e5 Nfd7 7. d4 c5 8. c3 Nc6 9. Ngf3 Qb6 10. Qb3 c4 11. Qc2 Qd8 12. O-O b5 13. Re1 b4 14. Nf1 bxc3 15. bxc3 Rb8 16. h4 Qa5 17. h5 h6 18. N1h2 Nb6 19. Bh3 Bd7 20. Ng4 Na4 21. Bxh6 Rb2 22. Qc1 Qxc3 23. Bxg7 Qxc1 24. Rexc1 Kxg7 {White forfeits on time} 0-1

[Event "FICS rated blitz game"]
[Site "FICS freechess.org"]
[FICSGamesDBGameNo "20002748"]
[White "Cadfile"]
[Black "Wong"]
[WhiteElo "1452"]
[BlackElo "1515"]
[WhiteRD "na"]
[BlackRD "na"]
[TimeControl "180+0"]
[Date "1999.10.17"]
[Time "12:35:00"]
[WhiteClock "0:03:00.000"]
[BlackClock "0:03:00.000"]
[ECO "A05"]
[PlyCount "75"]
[Result "0-1"]

1. Nf3 g6 2. g3 Bg7 3. Bg2 Nf6 4. O-O Nc6 5. c4 d6 6. Nc3 Bg4 7. h3 Bd7 8. d4 h5 9. Be3 Nh7 10. Rc1 f6 11. d5 Ne5 12. Nxe5 fxe5 13. c5 O-O 14. cxd6 exd6 15. Ne4 Qc8 16. Kh2 Qe8 17. Qc2 Rc8 18. Qb3 b6 19. a4 a5 20. Nc3 Nf6 21. Nb5 Bxb5 22. axb5 Kh7 23. Rc6 Qd7 24. Rfc1 Rf7 25. Qd3 Re7 26. Be4 Nxe4 27. Qxe4 Rf7 28. Qd3 Bh6 29. Bxh6 Kxh6 30. Qe3+ Kh7 31. f3 Qf5 32. g4 Qf4+ 33. Qxf4 exf4 34. R1c4 hxg4 35. Re4 gxf3 36. exf3 g5 37. Re6 Kg7 38. Rexd6 {White forfeits on time} 0-1

[Event "FICS rated blitz game"]
[Site "FICS freechess.org"]
[FICSGamesDBGameNo "20002747"]
[White "Irene"]
[Black "xxx"]
[WhiteElo "1664"]
[BlackElo "1716"]
[WhiteRD "na"]
[BlackRD "na"]
[TimeControl "240+15"]
[Date "1999.10.17"]
[Time "12:24:00"]
[WhiteClock "0:04:00.000"]
[BlackClock "0:04:00.000"]
[ECO "B20"]
[PlyCount "85"]
[Result "1-0"]

1. e4 c5 2. Bc4 Nc6 3. Nc3 d6 4. Nf3 Nf6 5. O-O g6 6. d4 cxd4 7. Nxd4 Bg7 8. Nxc6 bxc6 9. e5 Nd7 10. exd6 e6 11. Ne4 O-O 12. Bg5 Qb6 13. Be7 Re8 14. Bb3 a5 15. a4 Ba6 16. Re1 Qb4 17. Ng5 Bc4 18. Re4 Nb6 19. Qf3 f5 20. Rxe6 Bxb3 21. cxb3 Nd5 22. Rd1 Nxe7 23. dxe7 Rxe7 24. Qxc6 Rae8 25. Rxe7 Qxe7 26. Qc4+ Kh8 27. Nf7+ Kg8 28. Nd6+ Kh8 29. Nxe8 Qxe8 30. Qc7 Bf6 31. Qxa5 Qe2 32. Rd7 Qe4 33. h3 Qb1+ 34. Kh2 Qe4 35. Qa7 Be5+ 36. g3 Bxg3+ 37. fxg3 Qe2+ 38. Kg1 Qe1+ 39. Kg2 Qe2+ 40. Qf2 Qe4+ 41. Kh2 h6 42. Rd8+ Kg7 43. Qd4+ {Black forfeits on time} 1-0

[Event "FICS rated blitz game"]
[Site "FICS freechess.org"]
[FICSGamesDBGameNo "20002746"]
[White "GARP"]
[Black "locskai"]
[WhiteElo "1420"]
[BlackElo "1432"]
[WhiteRD "na"]
[BlackRD "na"]
[TimeControl "120+12"]
[Date "1999.10.17"]
[Time "12:01:00"]
[WhiteClock "0:02:00.000"]
[BlackClock "0:02:00.000"]
[ECO "D02"]
[PlyCount "121"]
[Result "1/2-1/2"]

1. d4 d5 2. Nf3 e6 3. e3 c5 4. dxc5 Bxc5 5. Bd3 Nf6 6. O-O O-O 7. Nbd2 Nc6 8. e4 dxe4 9. Nxe4 Nxe4 10. Bxe4 Qxd1 11. Rxd1 Rd8 12. Bf4 Bb6 13. c3 g6 14. Kf1 f5 15. Rxd8+ Bxd8 16. Bxc6 bxc6 17. Rd1 Be7 18. Ne5 Ba6+ 19. Ke1 c5 20. Rd7 Bf6 21. Nc6 Bb5 22. Rc7 Bxc6 23. Rxc6 Be7 24. Rxe6 Kf7 25. Rc6 a5 26. Ke2 a4 27. Be3 Rb8 28. b4 axb3 29. axb3 Rxb3 30. Kd3 Rb5 31. Kc4 Ra5 32. Bxc5 Bxc5 33. Rxc5 Ra2 34. Rc7+ Ke6 35. Rxh7 Rxf2 36. g3 f4 37. gxf4 Rxf4+ 38. Kb5 Rf5+ 39. Kb4 Kd6 40. Rg7 Rg5 41. c4 Kc6 42. Ra7 Kb6 43. Re7 Kc6 44. Re6+ Kc7 45. c5 Rg2 46. Kb5 Rb2+ 47. Kc4 Rc2+ 48. Kd5 Rd2+ 49. Kc4 Rc2+ 50. Kd4 Rd2+ 51. Ke5 Rxh2 52. Rxg6 Rd2 53. Ke4 Rc2 54. Kd4 Rd2+ 55. Kc3 Rh2 56. Rg3 Rh5 57. Kc4 Rh1 58. Rg4 Rb1 59. Kd5 Rd1+ 60. Rd4 Rc1 61. Rc4 {Game drawn by mutual agreement} 1/2-1/2

[Event "FICS rated blitz game"]
[Site "FICS freechess.org"]
[FICSGamesDBGameNo "20002745"]
[White "andreasw"]
[Black "RomanD"]
[WhiteElo "1801"]
[BlackElo "1237"]
[WhiteRD "na"]
[BlackRD "na"]
[TimeControl "180+0"]
[Date "1999.10.17"]
[Time "11:46:00"]
[WhiteClock "0:03:00.000"]
[BlackClock "0:03:00.000"]
[ECO "C25"]
[PlyCount "49"]
[Result "1-0"]

1. e4 e5 2. Nc3 d6 3. f4 Nc6 4. Nf3 exf4 5. Bc4 Bg4 6. O-O Nf6 7. d4 Be7 8. Bxf4 O-O 9. Qd2 Bxf3 10. Rxf3 Re8 11. Qf2 Qd7 12. Rd1 Bd8 13. e5 dxe5 14. dxe5 Qg4 15. exf6 Bxf6 16. Kh1 Rad8 17. Rxd8 Rxd8 18. Nd5 Nb4 19. Nxf6+ gxf6 20. Rg3 Qxg3 21. Qxg3+ Kh8 22. h3 Rd1+ 23. Kh2 Rd4 24. Bxf7 Nc6 25. Qg8# {Black checkmated} 1-0

[Event "FICS rated blitz game"]
[Site "FICS freechess.org"]
[FICSGamesDBGameNo "20002744"]
[White "RomanD"]
[Black "Heim"]
[WhiteElo "1237"]
[BlackElo "1389"]
[WhiteRD "na"]
[BlackRD "na"]
[TimeControl "300+0"]
[Date "1999.10.17"]
[Time "11:13:00"]
[WhiteClock "0:05:00.000"]
[BlackClock "0:05:00.000"]
[ECO "B13"]
[PlyCount "176"]
[Result "0-1"]

1. e4 c6 2. d4 d5 3. exd5 cxd5 4. Nc3 Nf6 5. Bb5+ Bd7 6. Bxd7+ Nbxd7 7. Bg5 e6 8. Nf3 Be7 9. O-O a6 10. a3 O-O 11. Ne2 Rc8 12. Nf4 Ne4 13. Bxe7 Qxe7 14. Ne5 Nxe5 15. c3 Rc7 16. Re1 Nd7 17. f3 Nef6 18. Nd3 Qd8 19. Qb3 b5 20. Qb4 h6 21. Qa5 Ra7 22. Qxd8 Rxd8 23. Ne5 Nxe5 24. Rxe5 Nd7 25. Ree1 Rc8 26. Kf2 Rac7 27. g3 a5 28. h4 b4 29. axb4 axb4 30. cxb4 Rc2+ 31. Re2 Rxe2+ 32. Kxe2 Rc2+ 33. Kd3 Rxb2 34. Ra8+ Kh7 35. Ra7 Nb6 36. Rxf7 Nc4 37. Re7 Rxb4 38. Rxe6 Rb3+ 39. Ke2 Rb2+ 40. Kd3 Rd2+ 41. Kc3 Rf2 42. f4 Rf3+ 43. Kb4 Rxg3 44. Re7 Ne3 45. Kc5 Rf3 46. Rf7 Rh3 47. f5 Rxh4 48. f6 Rg4 49. Re7 Nf5 50. Rd7 Kg8 51. f7+ Kf8 52. Kxd5 Ne7+ 53. Kd6 Re4 54. d5 Kxf7 55. Kc7 Kf6 56. d6 Rc4+ 57. Kd8 Nc6+ 58. Ke8 Re4+ 59. Kf8 g5 60. Rf7+ Ke6 61. Re7+ Kd5 62. Rh7 Rf4+ 63. Ke8 Re4+ 64. Kf8 Re6 65. Kf7 Rxd6 66. Kg7 Ne5 67. Kf8 g4 68. Rg7 h5 69. Rg5 Rg6 70. Rxh5 g3 71. Rh1 g2 72. Rg1 Nf3 73. Rxg2 Rxg2 74. Kf7 Re2 75. Kf6 Re5 76. Kf7 Re6 77. Kf8 Ke5 78. Kf7 Kd6 79. Kg7 Ke7 80. Kg8 Rf6 81. Kg7 Ke6 82. Kg8 Ke7 83. Kg7 Rf5 84. Kg6 Ke6 85. Kg7 Ne5 86. Kg8 Rg5+ 87. Kf8 Nd7+ 88. Ke8 Rg8# {White checkmated} 0-1

[Event "FICS rated blitz game"]
[Site "FICS freechess.org"]
[FICSGamesDBGameNo "20002743"]
[White "lederstrumpf"]
[Black "nicksinc"]
[WhiteElo "1801"]
[BlackElo "1529"]
[WhiteRD "na"]
[BlackRD "na"]
[TimeControl "120+12"]
[Date "1999.10.17"]
[Time "11:08:00"]
[WhiteClock "0:02:00.000"]
[BlackClock "0:02:00.000"]
[ECO "D27"]
[PlyCount "59"]
[Result "1-0"]

1. d4 d5 2. c4 dxc4 3. Nf3 Nf6 4. e3 e6 5. Bxc4 c5 6. Nc3 a6 7. a4 Nc6 8. O-O cxd4 9. exd4 Bb4 10. Bg5 h6 11. Bh4 Be7 12. Kh1 Nb4 13. Qe2 O-O 14. Rfd1 Nbd5 15. Bg3 b6 16. Rac1 Bb7 17. Ne5 Bb4 18. Nxd5 Nxd5 19. Qe4 Qe7 20. Bd3 Nf6 21. Qh4 Nd5 22. Nc4 Qxh4 23. Bxh4 Rac8 24. Be4 g5 25. Bg3 f5 26. Bxd5 exd5 27. Nd6 Rxc1 28. Rxc1 Ba8 29. Be5 Bd2 30. Rc7 {Black forfeits on time} 1-0

[Event "FICS rated blitz game"]
[Site "FICS freechess.org"]
[FICSGamesDBGameNo "20002742"]
[White "chesshack"]
[Black "RubberCheck"]
[WhiteElo "1551"]
[BlackElo "1571"]
[WhiteRD "na"]
[BlackRD "na"]
[TimeControl "120+12"]
[Date "1999.10.17"]
[Time "10:52:00"]
[WhiteClock "0:02:00.000"]
[BlackClock "0:02:00.000"]
[ECO "A51"]
[PlyCount "119"]
[Result "1-0"]

1. d4 Nf6 2. c4 e5 3. d5 Bb4+ 4. Nc3 Ne4 5. Qc2 Nxc3 6. bxc3 Bc5 7. Nf3 d6 8. Bg5 f6 9. Bd2 Bg4 10. h3 Bh5 11. Nh4 Nd7 12. g4 Bg6 13. Nxg6 hxg6 14. h4 Kf7 15. h5 g5 16. Qg6+ Kf8 17. e3 Qe8 18. Qe4 Qf7 19. Bd3 Rh6 20. O-O-O Nb6 21. f4 exf4 22. exf4 Re8 23. Qf3 Kg8 24. fxg5 fxg5 25. Qxf7+ Kxf7 26. Bxg5 Be3+ 27. Bxe3 Rxe3 28. g5 Rh8 29. Rdf1+ Ke7 30. Kd2 Rg3 31. Re1+ Kd8 32. g6 Rg2+ 33. Re2 Rxe2+ 34. Bxe2 Nd7 35. Ke3 Ne5 36. Kf4 Nxg6+ 37. Kf5 Ne5 38. Kg5 Rf8 39. Rf1 Rxf1 40. Bxf1 Ke7 41. Be2 Kd8 42. h6 gxh6+ 43. Kxh6 c6 44. Kg5 c5 45. Kf5 Kc7 46. Ke6 Ng6 47. Bf1 Nf8+ 48. Kf7 Nd7 49. Ke6 Nb6 50. Kf5 Na4 51. Bd3 Nxc3 52. a3 a6 53. Kf4 b5 54. Ke3 bxc4 55. Bxc4 Kb6 56. Kd3 Nb5 57. a4 Nd4 58. Kc3 Ka5 59. Bd3 Kxa4 60. Bxa6 {Black forfeits on time} 1-0

[Event "FICS rated lightning game"]
[Site "FICS freechess.org"]
[FICSGamesDBGameNo "20002741"]
[White "Penjo"]
[Black "Yquem"]
[WhiteElo "1605"]
[BlackElo "1917"]
[WhiteRD "na"]
[BlackRD "na"]
[TimeControl "120+0"]
[Date "1999.10.17"]
[Time "10:33:00"]
[WhiteClock "0:02:00.000"]
[BlackClock "0:02:00.000"]
[ECO "D03"]
[PlyCount "88"]
[Result "0-1"]

1. d4 Nf6 2. Nf3 d5 3. Bg5 Bf5 4. Nbd2 e6 5. e3 c5 6. c3 Nc6 7. dxc5 Bxc5 8. Nb3 Be7 9. Bd3 Bg4 10. h3 Bh5 11. O-O O-O 12. Be2 Rc8 13. Nfd4 Bxe2 14. Qxe2 Ne4 15. Bxe7 Qxe7 16. Nxc6 Rxc6 17. Rad1 a6 18. Nd4 Rc7 19. Kh2 e5 20. Nc2 Nf6 21. f3 Qe6 22. g3 b5 23. a3 Rd8 24. g4 h6 25. Kg2 Rcd7 26. Rd2 Qc6 27. Rfd1 Kf8 28. h4 d4 29. exd4 Nxg4 30. dxe5 Rxd2 31. Rxd2 Rxd2 32. Qxd2 Kg8 33. Qf4 h5 34. Nd4 Qd5 35. e6 fxe6 36. Kg3 Nf6 37. Qb8+ Kh7 38. Qc8 e5 39. Qf5+ g6 40. Qxf6 exd4 41. Qxd4 Qf5 42. Qa7+ Kh6 43. f4 Qg4+ 44. Kf2 Qxh4+ {White forfeits on time} 0-1

[Event "FICS rated blitz game"]
[Site "FICS freechess.org"]
[FICSGamesDBGameNo "20002740"]
[White "thth"]
[Black "Erron"]
[WhiteElo "1424"]
[BlackElo "1511"]
[WhiteRD "na"]
[BlackRD "na"]
[TimeControl "180+0"]
[Date "1999.10.17"]
[Time "09:47:00"]
[WhiteClock "0:03:00.000"]
[BlackClock "0:03:00.000"]
[ECO "C50"]
[PlyCount "50"]
[Result "0-1"]

1. e4 e5 2. Bc4 Bc5 3. Nf3 Nc6 4. a3 Nf6 5. d3 O-O 6. h3 d5 7. exd5 Nxd5 8. O-O Nf6 9. Bg5 h6 10. Bh4 Bf5 11. Nc3 a6 12. Nd5 Be7 13. Re1 Nxd5 14. Bxe7 Ndxe7 15. Qd2 Ng6 16. Rad1 Re8 17. Qc3 Nd4 18. Nxd4 Qxd4 19. Qb3 Rf8 20. Re3 c6 21. Qxb7 Rab8 22. Qxc6 Rxb2 23. c3 Qd8 24. d4 Nf4 25. Rxe5 Qg5 {White forfeits on time} 0-1

[Event "FICS rated standard game"]
[Site "FICS freechess.org"]
[FICSGamesDBGameNo "20002738"]
[White "lederstrumpf"]
[Black "schwaberl"]
[WhiteElo "2018"]
[BlackElo "1775"]
[WhiteRD "na"]
[BlackRD "na"]
[TimeControl "900+0"]
[Date "1999.10.17"]
[Time "09:37:00"]
[WhiteClock "0:15:00.000"]
[BlackClock "0:15:00.000"]
[ECO "E92"]
[PlyCount "47"]
[Result "1-0"]

1. d4 Nf6 2. c4 g6 3. Nc3 Bg7 4. e4 O-O 5. Nf3 d6 6. Be2 e5 7. dxe5 dxe5 8. Qxd8 Rxd8 9. Bg5 Re8 10. Nd5 Nxd5 11. cxd5 c6 12. Bc4 b5 13. Bb3 a5 14. a4 b4 15. Rc1 Bb7 16. O-O cxd5 17. Rc7 Bc6 18. Rd1 h6 19. exd5 hxg5 20. dxc6 g4 21. Bxf7+ Kf8 22. Bxe8 Kxe8 23. Rxg7 gxf3 24. c7 {Black resigns} 1-0

[Event "FICS rated blitz game"]
[Site "FICS freechess.org"]
[FICSGamesDBGameNo "20002737"]
[White "Gilun"]
[Black "Pelikaner"]
[WhiteElo "1801"]
[BlackElo "1730"]
[WhiteRD "na"]
[BlackRD "na"]
[TimeControl "180+0"]
[Date "1999.10.17"]
[Time "09:27:00"]
[WhiteClock "0:03:00.000"]
[BlackClock "0:03:00.000"]
[ECO "A00"]
[PlyCount "103"]
[Result "0-1"]

1. d3 d5 2. Bg5 h6 3. Bh4 g5 4. Bg3 f5 5. e4 fxe4 6. Qh5+ Kd7 7. dxe4 Nf6 8. Qd1 e6 9. Nc3 c6 10. Qd4 Bg7 11. O-O-O Ke8 12. Be2 Nbd7 13. e5 Ng8 14. Bh5+ Kf8 15. Qe3 Ne7 16. h4 Nf5 17. Qf3 Kg8 18. hxg5 Qxg5+ 19. Bf4 Qe7 20. Qg4 Kf8 21. Nf3 b5 22. Nd4 Nxd4 23. Rxd4 Nxe5 24. Bxe5 Bxe5 25. Rd3 Qg5+ 26. f4 Qxg4 27. Bxg4 Bxf4+ 28. Kb1 Kg7 29. g3 Bg5 30. Rf3 Bd7 31. Rhf1 Rhf8 32. Ne2 Rxf3 33. Rxf3 Rf8 34. Rxf8 Kxf8 35. Nd4 Ke7 36. c3 Kd6 37. a3 c5 38. Nf3 a5 39. Kc2 Bf6 40. b4 e5 41. bxa5 Bxg4 42. Nh2 Bc8 43. Nf3 e4 44. Nd2 e3 45. Nf3 e2 46. Kd2 Bg4 47. Kxe2 Bxc3 48. Ke3 Bxa5 49. Nh4 b4 50. Ng6 bxa3 51. Ne5 a2 52. Nf7+ {White forfeits on time} 0-1